 Dungeon Sprint DCSS version 0.32-a0-422-g28b100f618 (webtiles) character file.

Game seed: 3517569781858662007

477 adelrune the Basher (level 6, -7/62 HPs)
             Began as a Minotaur Fighter on Feb 21, 2024.
             Was an Initiate of Ru.
             Killed by vampiric draining
             ... invoked by a vampire
              (11 damage)
             ... in the Dungeon (Sprint IX: "|||||||||||||||||||||||||||||").
             The game lasted 00:01:25 (226 turns).

adelrune the Basher (Minotaur Fighter)               Turns: 226, Time: 00:01:25

Health: -7/62      AC: 13    Str: 25    XL:     6   Next: 85%
Magic:  5/5        EV:  8    Int:  5    God:    Ru [......]
Gold:   0          SH:  0    Dex: 13    Spells: 5/5 levels left

rFire   . . .        a - +0 flail
rCold   + . .        c - +0 buckler
rNeg    . . .        o - +1 chain mail {rC+}
rPois   .            (helmet restricted)
rElec   .            n - +0 cloak
rCorr   .            (no gloves)
SInv    .            (no boots)
Will    .....        (no amulet) Stlth
                     p - +3 ring of strength
HPRegen 0.30/turn    q - +3 ring of dexterity
MPRegen 0.09/turn

%: no teleportation
@: confused, on berserk cooldown, slowed, very slow
A: horns 2, retaliatory headbutt
a: Renounce Religion


You were in the Dungeon.
You worshipped Ru.
Ru was noncommittal.
You visited 1 branch

Inventory:

Hand Weapons
 a - a +0 flail (weapon)
Armour
 b - a +0 scale mail
 c - a +0 buckler (worn)
 n - a +0 cloak (worn)
 o - a +1 chain mail of cold resistance (worn)
Jewellery
 p - a +3 ring of strength (left hand)
 q - a +3 ring of dexterity (right hand)
Wands
 m - a wand of quicksilver (10)
Scrolls
 j - 2 scrolls of blinking
 l - 2 scrolls of amnesia
Potions
 d - a potion of might
 e - 5 potions of curing
 f - 3 potions of heal wounds
 g - a potion of haste
 h - 4 potions of magic
 k - a potion of invisibility


   Skills:
 + Level 8.7 Fighting
 * Level 11.3 Maces & Flails
 + Level 8.7 Armour
 + Level 8.7 Shields


You had 5 spell levels left.
You didn't know any spells.
Your spell library was empty.

Dungeon Overview and Level Annotations

Branches:
Dungeon (1/1)

Altars:
Cheibriados
Dithmenos
Elyvilon
Fedhas
Gozag
Hepliaklqana
Kikubaaqudgha
Makhleb
Nemelex Xobeh
Okawaru
Qazlal
Ru
Sif Muna
Trog
Uskayaw
Vehumet
Wu Jian
Xom
Yredelemnul
Zin
The Shining One
Beogh
Jiyva
Lugonu


Innate Abilities, Weirdness & Mutations

You have a pair of horns on your head.
You reflexively headbutt those who attack you in melee.


Message History

The vampire is moderately damaged.
The vampire barely misses you. The vampire closely misses you.
You bump into the unnaturally hard rock wall.
The vampire hits you. The vampire bites you.
The vampire draws strength from your injuries!
You sock the vampire!
The vampire is heavily damaged.
The vampire hits you. The vampire closely misses you. x2
The vampire bites you but does no damage.
You sock the vampire!
The vampire is severely damaged.
The vampire points at you and mumbles some strange words.
You are more confused.
You closely miss the vampire. Your headbutt misses the vampire.
The vampire is severely damaged.
The vampire hits you.
* * * LOW HITPOINT WARNING * * *
The vampire bites you but does no damage.
You barely miss the vampire.
The vampire is severely damaged.
The vampire closely misses you. The vampire bites you!
* * * LOW HITPOINT WARNING * * *
The vampire draws strength from your injuries!
The vampire hits you but does no damage.
The vampire bites you but does no damage.
You bump into the unnaturally hard rock wall.
The vampire draws life force from you.
* * * LOW HITPOINT WARNING * * *
The vampire is healed by the life force!
You hit the vampire.
The vampire is severely damaged.
The vampire closely misses you. The vampire misses you.
The vampire hits you but does no damage.
The vampire bites you.
* * * LOW HITPOINT WARNING * * *
The vampire draws strength from your injuries!
You bump into the unnaturally hard rock wall.
The vampire draws life force from you!
You die...
Ru respects your ultimate sacrifice.

▓.▓
▓)▓
▓.▓
▓.▓
▓[▓
▓.▓
▓.▓
▓.▓
▓@▓
▓V▓
▓o▓
▓z▓
▓.▓
▓.▓
▓.▓
▓+▓


You could see a vampire, an orc warrior and a wight.

Vanquished Creatures
  A yak (D)
  2 orc warriors (D)
  4 hounds (D)
  An adder (D)
  A hobgoblin (D)
  A kobold (D)
  A ball python (D)
  A frilled lizard (D)
  A rat (D)
13 creatures vanquished.

Notes
Turn   | Place    | Note
-------+----------+-------------------------------------------
     0 | D        | adelrune the Minotaur Fighter began the quest for the Orb.
     0 | D        | Reached XP level 1. HP: 19/19 MP: 0/0
     8 | D        | Reached skill level 3 in Maces & Flails
    18 | D        | Reached XP level 2. HP: 26/27 MP: 1/1
    33 | D        | Reached skill level 5 in Fighting
    33 | D        | Reached skill level 5 in Maces & Flails
    33 | D        | Reached skill level 5 in Armour
    33 | D        | Reached skill level 5 in Shields
    33 | D        | Reached XP level 3. HP: 34/36 MP: 2/2
    44 | D        | Reached skill level 6 in Maces & Flails
    48 | D        | Reached skill level 7 in Maces & Flails
    48 | D        | Reached XP level 4. HP: 36/44 MP: 3/3
    56 | D        | Reached XP level 5. HP: 35/51 MP: 4/4
   118 | D        | Found a roughly hewn altar of Beogh.
   118 | D        | Found a snail-covered altar of Cheibriados.
   118 | D        | Found a shadowy altar of Dithmenos.
   118 | D        | Found a white marble altar of Elyvilon.
   118 | D        | Found a blossoming altar of Fedhas.
   118 | D        | Found an opulent altar of Gozag.
   119 | D        | Found a hazy altar of Hepliaklqana.
   120 | D        | Found a viscous altar of Jiyva.
   121 | D        | Found an ancient bone altar of Kikubaaqudgha.
   122 | D        | Found a corrupted altar of Lugonu.
   123 | D        | Found a burning altar of Makhleb.
   124 | D        | Found a sparkling altar of Nemelex Xobeh.
   125 | D        | Found an iron altar of Okawaru.
   126 | D        | Found a stormy altar of Qazlal.
   127 | D        | Found a sacrificial altar of Ru.
   128 | D        | Found a shimmering blue altar of Sif Muna.
   129 | D        | Found a bloodstained altar of Trog.
   130 | D        | Found a hide-covered altar of Uskayaw.
   131 | D        | Found a radiant altar of Vehumet.
   132 | D        | Found an ornate altar of the Wu Jian Council.
   133 | D        | Found a shimmering altar of Xom.
   134 | D        | Found a basalt altar of Yredelemnul.
   135 | D        | Became a worshipper of Ru the Awakened
   136 | D        | Found a glowing silver altar of Zin.
   137 | D        | Found a glowing golden altar of the Shining One.
   180 | D        | Noticed a yak
   180 | D        | Noticed an orc warrior
   180 | D        | Noticed an orc warrior
   180 | D        | Noticed an orc warrior
   180 | D        | Noticed a vampire
   185 | D        | Killed a yak
   186 | D        | Reached skill level 10 in Maces & Flails
   186 | D        | Reached XP level 6. HP: 61/61 MP: 5/5
   192 | D        | Killed an orc warrior
   202 | D        | Killed an orc warrior
   203 | D        | Reached skill level 11 in Maces & Flails
   226 | D        | Killed from afar by a vampire

Illustrated notes

Levels and vault maps discovered:
D:        linesprint [early_d, line_temple, items_1, d_10, items_2, lair_1,
          lair_end, items_3, orc_1, orc_end, items_4, d_15, swamp_1, shoals_1,
          snake_1, spider_1, d_20, vaults_1, items_5, swamp_end, shoals_end,
          snake_end, spider_end, vaults_end, d_27, items_6, zot_1, zot_end,
          crypt_end, forest_end, elf_end, slime_end, tomb_end, abyss_end,
          pan_hell_end]

Skill      XL: |  1  2  3  4  5  6 |
---------------+-------------------+-----
Fighting       | 4 5 6 7 8 |  8.7
Maces & Flails | 3 5 7 10 11 | 11.3
Armour         | 4 5 6 7 8 |  8.7
Shields        | 4 5 6 7 8 |  8.7

Action                     |  1- 3 |  4- 6 || total
---------------------------+-------+-------++-------
  Melee: Flail             |    35 |    45 ||    80
         Headbutt          |     1 |     9 ||    10
    Use: Potion            |       |     1 ||     1
 Armour: Scale mail        |    23 |     4 ||    27
         Chain mail        |       |    36 ||    36
  Dodge: Dodged            |    23 |    24 ||    47
  Block: Buckler           |     7 |     9 ||    16

Table legend: (Time is in decaauts)
 A = Elapsed time spent in this place.
 B = Non-inter-level travel time spent in this place.
 C = Inter-level travel time spent in this place.
 D = Time resting spent in this place.
 E = Time spent auto-exploring this place.
 F = Levels seen in this place.
 G = Mean time per level.
                   A        B        C        D        E       F      G
               +--------+--------+--------+--------+--------+-----+--------+
         Total |    234 |    234 |      0 |     56 |     10 |   1 |  234.0 |
       Dungeon |    234 |    234 |      0 |     56 |     10 |   1 |  234.0 |
               +--------+--------+--------+--------+--------+-----+--------+

Top non-repeatable levels by time:
       D: 234 daAuts
